cohdb
Replays
Latest Replays
All Replays
Popular Replays
Top Player Replays
Match Explorer
How It Works
Community
CoH3 Stats
Reddit
Sign in to upload your games and track your stats! →
Sign in with Steam
Match 41721070
Unlisted
Match 41721070
Overview
Messages
Build Orders
End
Construct Barracks
Selects Armored Battlegroup
Selects Assault Engineers
Assault Engineer Squad
1⁄4-ton 4x4 Truck
Riflemen Squad
Riflemen Squad
Riflemen Squad
Construct Medical Station
Riflemen Squad
Mechanized Support Center
M1918 Browning Automatic Rifles
Construct Motor Pool
Selects Strength in Steel
M8 Greyhound Armored Car
Selects M8 Scott SPG
M1 Anti-tank Gun Team
Selects UNKNOWN (2160077)
.30 cal Machine Gun
Construct Tank Depot
Mortar Pit
M4A3E8 Sherman Easy Eight
Mortar Pit
Assault Engineer Squad
Selects Field Repairs
Selects War Machine
M4A3E8 Sherman Easy Eight
M4A3E8 Sherman Easy Eight
Skyline
KevinTDW
TheMonkeyInChargeOfBananas
TheSlothInChargeOfEconomy
0
0
Comments
sign in to comment!
No comments posted yet!